 Dungeon Sprint DCSS version 0.22.1-1-ga44c0e56f4 (webtiles) character file.

1953 MuseOD the Impaler (level 9, -1/117 (126) HPs)
             Began as a Merfolk Berserker on Oct 7, 2018.
             Was an Elder of Trog.
             Engulfed by a death drake's foul pestilence (5 damage)
             ... in the Dungeon (Sprint II: "The Violet Keep of Menkaure").
             The game lasted 00:02:47 (1033 turns).

MuseOD the Impaler (Merfolk Berserker)              Turns: 1033, Time: 00:02:48

HP:   -1/117 (126)  AC:  8    Str: 25    XL:     9   Next: 19%
MP:   9/9           EV: 17    Int:  6    God:    Trog [****..]
Gold: 326           SH:  0    Dex: 14    Spells: 8/8 levels left

rFire    . . .     SeeInvis +   a - +0 spear
rCold    . . .     Gourm    .   (no shield)
rNeg     . . .     Faith    .   k - +1 ring mail {rPois}
rPois    +         Spirit   .   l - +0 helmet {SInv}
rElec    .         Reflect  .   (no cloak)
rCorr    .         Harm     .   (no gloves)
MR       .....     NoTele   +   (no boots)
Stlth    ..........             (no amulet)
HPRegen  0.29/turn              (no ring)
MPRegen  0.11/turn              (no ring)

@: berserking (expiring), lethally poisoned (-1 -> -111), slowed
A: change form in water, swift swim, stealthy swim
a: Berserk, Trog's Hand, Brothers in Arms, Renounce Religion


You were in the Dungeon.
You worshipped Trog.
Trog was greatly pleased with you.
You were hungry.

You visited 1 branch You collected 810 gold pieces.
You spent 484 gold pieces at shops.

Inventory:

Hand Weapons
 a - a +0 spear (weapon)
Armour
 b - a +0 animal skin
 k - a +1 ring mail of poison resistance (worn)
 l - a +0 helmet of see invisible (worn)
Scrolls
 i - a scroll of blinking
Potions
 e - a potion of heal wounds
 f - a potion of haste
 g - 2 potions of magic
 h - a potion of berserk rage
Comestibles
 c - 3 rations


   Skills:
 + Level 12.9 Fighting
 + Level 17.1 Polearms
 + Level 5.3 Armour
 + Level 10.4 Dodging
 + Level 3.1 Stealth


You had 8 spell levels left.
You didn't know any spells.
Your spell library was empty.

Dungeon Overview and Level Annotations

Branches:
Dungeon (1/1)

Altars:
Cheibriados
Dithmenos
Elyvilon
Fedhas
Gozag
Kikubaaqudgha
Makhleb
Nemelex Xobeh
Okawaru
Sif Muna
Trog
Uskayaw
Vehumet
Zin
Beogh
Jiyva
Lugonu

Shops:
D ?[:!=(=!}*[}!(:%

Annotations:
D exclusions: obsidian statue and oklob plant


Message History

The death drake bites you!
* * * LOW HITPOINT WARNING * * *
You puncture the death drake!
The death drake is severely wounded.
You are engulfed in dark miasma.
You are more poisoned.
You feel your flesh rotting away!
* * * LOW HITPOINT WARNING * * *
You feel very sick.
You puncture the death drake!
The death drake is almost dead.
You are engulfed in dark miasma.
You feel your flesh rotting away!
* * * LOW HITPOINT WARNING * * *
x2 You feel very sick.
The death drake bites you but does no damage.
You closely miss the death drake.
The death drake is almost dead.
You are engulfed in dark miasma.
You are more poisoned.
You die...

+++## ....# .. k ##..#
#. . w##.#### +.##.
..#....# ..k#### .
###..## #§k##.#
###.##..# +.§#..#
##...#..# #.§#.k#
.÷##.+..####§§##@#
##...#....###^÷(##▓▓▓
###.##......≈≈≈≈§≈≈≈≈≈≈
.####≈≈§§...≈#+########
#.#≈≈≈≈≈§≈..≈#....._._#
.##≈≈≈≈§≈≈≈.≈#...._._.#
##≈≈≈≈§§≈§≈§≈#..._._._#
≈≈≈≈≈§§≈§≈≈≈≈#.._._._.#
+++#§§§≈§≈≈≈≈#._._._._#


You could see a death drake.

Vanquished Creatures
  A death drake (D)
  2 hippogriffs (D)
  2 swamp drakes (D)
  4 necrophages (D)
  A crocodile (D)
  3 worms (D)
13 creatures vanquished.

Vanquished Creatures (collateral kills)
  A yaktaur (D)
  3 polar bears (D)
  A hornet (D)
5 creatures vanquished.

Vanquished Creatures (others)
  Menkaure (D)
  A crocodile (D)
2 creatures vanquished.

Grand Total: 20 creatures vanquished

Notes
Turn   | Place    | Note
-------+----------+-------------------------------------------
     0 | D        | MuseOD the Merfolk Berserker began the quest for the Orb.
     0 | D        | Reached XP level 1. HP: 18/18 MP: 1/1
     1 | D        | Noticed a necrophage
     1 | D        | Noticed a necrophage
     1 | D        | Noticed a necrophage
     1 | D        | Noticed a necrophage
    11 | D        | Killed a necrophage
    11 | D        | Reached skill level 8 in Polearms
    11 | D        | Reached XP level 2. HP: 27/27 MP: 2/2
    11 | D        | Reached XP level 3. HP: 33/33 MP: 3/3
    11 | D        | Reached XP level 4. HP: 39/39 MP: 4/4
    18 | D        | Killed a necrophage
    18 | D        | Reached skill level 10 in Polearms
    18 | D        | Reached skill level 5 in Dodging
    18 | D        | Reached XP level 5. HP: 47/47 MP: 5/5
    22 | D        | Killed a necrophage
    22 | D        | Reached ** piety under Trog
    22 | D        | Reached skill level 11 in Polearms
    22 | D        | Reached XP level 6. HP: 55/55 MP: 6/6
    23 | D        | Killed Menkaure
    32 | D        | Killed a necrophage
    32 | D        | Reached skill level 12 in Polearms
   218 | D        | Noticed a tyrant leech
   218 | D        | Noticed a tyrant leech
   224 | D        | Noticed a hippogriff
   224 | D        | Noticed a hippogriff
   230 | D        | Killed a hippogriff
   230 | D        | Reached skill level 10 in Fighting
   230 | D        | Reached skill level 13 in Polearms
   230 | D        | Reached XP level 7. HP: 64/64 MP: 7/7
   238 | D        | Killed a hippogriff
   238 | D        | Reached *** piety under Trog
   238 | D        | Reached skill level 14 in Polearms
   238 | D        | Reached skill level 1 in Stealth
   419 | D        | Found Pucouh's Food Shop.
   419 | D        | Found Wimoih's Book Boutique.
   419 | D        | Found Eliwk's Gadget Shop.
   419 | D        | Found Loydghap's Distillery.
   419 | D        | Found Jiluq's Assorted Antiques.
   419 | D        | Found Ocapaest's Antique Armour Boutique.
   419 | D        | Found Vin Seud's Gadget Shop.
   420 | D        | Found Olod's Distillery.
   421 | D        | Found Doufrot's Jewellery Shop.
   421 | D        | Found Ughij's Antique Weapon Boutique.
   421 | D        | Noticed a hippogriff
   423 | D        | Found Uceim's Antique Weapon Boutique.
   423 | D        | Noticed a hippogriff
   424 | D        | Found Dealucep's Jewellery Shop.
   424 | D        | Found Xaku's Distillery.
   424 | D        | Noticed a hippogriff
   424 | D        | Noticed an oklob plant
   425 | D        | Found Qoryng's Antique Armour Shop.
   425 | D        | Found Nookh's Magic Scroll Boutique.
   425 | D        | Found Oddel's Book Shoppe.
   425 | D        | Noticed a shining eye
   427 | D        | Noticed a shining eye
   427 | D        | Noticed a shining eye
   431 | D        | Noticed a wyvern
   434 | D        | Noticed a wyvern
   436 | D        | Bought a shiny ring mail for 147 gold pieces
   436 | D        | Bought a runed helmet for 157 gold pieces
   476 | D        | Reached **** piety under Trog
   531 | D        | Bought a ration for 60 gold pieces
   531 | D        | Bought a ration for 60 gold pieces
   531 | D        | Bought a ration for 60 gold pieces
   540 | D        | Noticed an obsidian statue
   552 | D        | Found a roughly hewn altar of Beogh.
   553 | D        | Found a snail-covered altar of Cheibriados.
   556 | D        | Found a shadowy altar of Dithmenos.
   557 | D        | Found a white marble altar of Elyvilon.
   557 | D        | Found an ancient bone altar of Kikubaaqudgha.
   557 | D        | Found a viscous altar of Jiyva.
   558 | D        | Found a blossoming altar of Fedhas.
   558 | D        | Found a corrupted altar of Lugonu.
   558 | D        | Found a deep blue altar of Sif Muna.
   559 | D        | Found an opulent altar of Gozag.
   559 | D        | Found a burning altar of Makhleb.
   559 | D        | Found a bloodstained altar of Trog.
   560 | D        | Found a sparkling altar of Nemelex Xobeh.
   560 | D        | Found a hide-covered altar of Uskayaw.
   561 | D        | Found an iron altar of Okawaru.
   561 | D        | Found a radiant altar of Vehumet.
   561 | D        | Found a glowing silver altar of Zin.
   572 | D        | Noticed a polar bear
   581 | D        | Killed a polar bear
   581 | D        | Reached skill level 15 in Polearms
   581 | D        | Reached XP level 8. HP: 55/72 MP: 8/8
   582 | D        | Noticed a hornet
   586 | D        | Killed a hornet
   587 | D        | Noticed a polar bear
   591 | D        | Killed a polar bear
   594 | D        | Noticed a polar bear
   597 | D        | Killed a polar bear
   597 | D        | Noticed a yaktaur
   601 | D        | Killed a yaktaur
   601 | D        | Reached skill level 16 in Polearms
   696 | D        | Noticed a death drake
   722 | D        | Killed a death drake
   722 | D        | Reached skill level 5 in Armour
   722 | D        | Reached skill level 10 in Dodging
   722 | D        | Reached XP level 9. HP: 52/75 MP: 9/9
   739 | D        | Reached ***** piety under Trog
   739 | D        | Reached skill level 17 in Polearms
  1006 | D        | Noticed a death drake
  1032 | D        | HP: 4/117 [poisoned by a death drake (dark miasma)]
  1033 | D        | Engulfed by a death drake's foul pestilence

Skill      XL: |  1  2  3  4  5  6  7  8  9 |
---------------+----------------------------+-----
Fighting       | 6 7 8 10 11 12 | 12.9
Polearms       | 8 10 11 13 15 16 17 | 17.1
Armour         | 2 3 4 5 |  5.3
Dodging        | 4 5 6 7 8 10 | 10.4
Stealth        | 1 3 |  3.1

Action                   |  1- 3 |  4- 6 |  7- 9 || total
-------------------------+-------+-------+-------++-------
Melee: Spear             |     9 |    26 |    98 ||   133
Invok: Berserk           |     1 |     1 |     3 ||     5
       Brothers in Arms  |       |       |     2 ||     2
  Use: Potion            |       |       |     1 ||     1
 Stab: Distracted        |       |       |     1 ||     1
  Eat: Chunk             |       |       |     2 ||     2
       Ration            |       |       |     1 ||     1
Armor: Animal skin       |       |     1 |       ||     1
       Ring mail         |       |       |     6 ||     6
Dodge: Dodged            |     2 |     5 |    23 ||    30
